 Dungeon Crawl Stone Soup version 0.31-a0-996-g3b49de5836 (webtiles) character file.

Game seed: 3475006022018256267

72 Nedwor the Slasher (level 4, 0/35 HPs)
             Began as a Merfolk Gladiator on Nov 7, 2023.
             Killed from afar by Sigmund (4 damage)
             ... with a magic dart
             ... on level 3 of the Dungeon.
             The game lasted 00:01:41 (1762 turns).

Nedwor the Slasher (Merfolk Gladiator)              Turns: 1762, Time: 00:01:41

Health: 0/35       AC:  5    Str: 14    XL:     4   Next: 25%
Magic:  4/4        EV: 14    Int:  7    God:
Gold:   133        SH:  0    Dex: 17    Spells: 3/3 levels left

rFire   . . .        a - +1 long sword
rCold   . . .        (no shield)
rNeg    . . .        b - +0 leather armour
rPois   +            c - +0 helmet
rElec   .            (no cloak)
rCorr   .            l - +0 pair of gloves
SInv    .            (no boots)
Will    .....        (no amulet)
Stlth   +            q - ring of poison resistance
HPRegen 0.25/turn    (no ring)
MPRegen 0.09/turn

%: no passive effects
@: no status effects
A: (nimble swimmer 2), mertail
a: no special abilities


You were on level 3 of the Dungeon.
You visited 1 branch of the dungeon, and saw 3 of its levels.

You collected 133 gold pieces.

Inventory:

Hand Weapons
 a - a +1 long sword (weapon)
Missiles
 d - 3 throwing nets (quivered)
 e - a javelin
Armour
 b - a +0 leather armour (worn)
 c - a +0 helmet (worn)
 l - a +0 pair of gloves (worn)
Jewellery
 q - a ring of poison resistance (left hand)
Scrolls
 j - a scroll of teleportation
 k - a scroll of identify {unknown}
Potions
 f - a potion of attraction {unknown}
 g - a potion of curing {unknown}
 h - 2 potions of enlightenment {unknown}
 i - a potion of lignification {unknown}
 m - 2 potions of resistance {unknown}


   Skills:
 + Level 3.0 Fighting
 * Level 5.0 Long Blades
 - Level 2.0 Throwing
 + Level 4.7 Dodging


You had 3 spell levels left.
You didn't know any spells.
Your spell library was empty.

Dungeon Overview and Level Annotations

Branches:
Dungeon (3/15)

Altars:

Annotations:
D:3 Sigmund


Innate Abilities, Weirdness & Mutations

((You are very nimble when in or above water. (Stealth+, EV+, Speed+++)))
Your lower body shifts to a powerful aquatic tail in water.


Message History

Sigmund gestures at you while chanting. You resist with some effort.
Found a stone staircase leading down.
Sigmund says, "You will soon forget everything."
Sigmund casts a spell.
Sigmund flickers and vanishes!
Deactivating autopickup; reactivate with Ctrl-A.
No target in view!
No target in view!
No target in view!
No target in view!
No target in view!
No target in view!
No target in view!
No target in view!
No target in view!
No target in view!
No target in view!
No target in view!
No target in view!
No target in view!
No target in view!
No target in view!
No target in view!
No target in view!
No target in view!
Something hits you!
You hit something. Something hits you!
You miss something.
You hear some strange, mumbled words.
A puff of flame appears from out of thin air!
The puff of flame hits you.
* * * LOW HITPOINT WARNING * * *
You barely miss something. Your punch misses something. Something hits you.
* * * LOW HITPOINT WARNING * * *
You hit something. Your punch misses something.
You hear some strange, mumbled words.
A magic dart appears from out of thin air!
The magic dart hits you.
You die...

### #>.
#.# #.#
#.# #{#
#@# #.#
#.#
#####.#
#...#.#
#.
#.....#
#.
#.).###
#.
##.##
#. #.#
#.


There were no monsters in sight!

Vanquished Creatures
  11 orcs (D:3)
  7 bats
  3 giant cockroaches
  7 goblins
  2 hobgoblins
  8 jackals (D:1)
  6 ball pythons
  A frilled lizard (D:3)
  5 kobolds
  2 rats
52 creatures vanquished.

Notes
Turn   | Place    | Note
-------+----------+-------------------------------------------
     0 | D:1      | Nedwor the Merfolk Gladiator began the quest for the Orb.
     0 | D:1      | Reached XP level 1. HP: 16/16 MP: 1/1
   267 | D:1      | Reached skill level 4 in Long Blades
   267 | D:1      | Reached XP level 2. HP: 20/23 MP: 2/2
   588 | D:1      | Reached XP level 3. HP: 28/28 MP: 3/3
  1628 | D:3      | Reached XP level 4. HP: 33/34 MP: 4/4
  1684 | D:3      | Reached skill level 5 in Long Blades
  1753 | D:3      | Noticed Sigmund
  1762 | D:3      | Killed from afar by Sigmund

Illustrated notes

Levels and vault maps discovered:
D:1:      eino_arrival_tree_alley, layout_loops_ring, minmay_unequal
D:2:      layout_loops_ring
D:3:      layout_loops_ring, saegor_snake_ambush, uniq_sigmund, uniq_natasha

Skill      XL: |  1  2  3  4 |
---------------+-------------+-----
Long Blades    | 4 5 |  5.0
Fighting       | 3 |  3.0
Throwing       | |  2.0
Dodging        | |  4.7

Action                     |  1- 3 |  4- 6 || total
---------------------------+-------+-------++-------
  Melee: Long sword        |   106 |    35 ||   141
    Use: Scroll            |     7 |       ||     7
   Stab: Distracted        |     1 |       ||     1
         Sleeping          |       |     1 ||     1
 Armour: Leather armour    |    70 |    19 ||    89
  Dodge: Dodged            |    99 |    29 ||   128

Table legend: (Time is in decaauts)
 A = Elapsed time spent in this place.
 B = Non-inter-level travel time spent in this place.
 C = Inter-level travel time spent in this place.
 D = Time resting spent in this place.
 E = Time spent auto-exploring this place.
 F = Levels seen in this place.
 G = Mean time per level.
                   A        B        C        D        E       F      G
               +--------+--------+--------+--------+--------+-----+--------+
         Total |   1785 |   1692 |     93 |      0 |   1371 |   3 |  595.0 |
       Dungeon |   1785 |   1692 |     93 |      0 |   1371 |   3 |  595.0 |
               +--------+--------+--------+--------+--------+-----+--------+

Top non-repeatable levels by time:
     D:2: 827 daAuts
     D:1: 792 daAuts
     D:3: 166 daAuts
